Map: King's Cove LE

Players

Mesrob

  • Race: Terran Terran
  • League: Platinum
  • Spawn Location: 5:00

BaKed - Winner!

  • Race: Protoss Protoss
  • League: Platinum
  • Spawn Location: 11:00

VOD

Have the link to the VOD?

Description

Time

  • Played on: July 14, 2019, 3:10 p.m.
  • Length: 9:38
Show
View Real Time Build Order
Export as new Build Order

Mesrob Terran 

Build Orders: 2 Factory, Reaper Expand 

Get SALT Encoding   

  12  0:01  SCV  
  13  0:13  SCV  
  14  0:18  Supply Depot  
  14  0:25  SCV  
  15  0:40  Barracks, SCV  
  16  0:50  Refinery  
  16  0:52  SCV  
  18  1:04  SCV  
  18  1:16  SCV  
  19  1:32  Orbital Command  
  19  1:43  Command Center  
  19  2:00  Reaper  
  20  2:18  Factory  
  21  2:38  Barracks Reactor  
  20  2:46  Supply Depot  
  20  2:51  SCV  
  21  3:03  SCV  
  21  3:04  Refinery  
  22  3:06  Factory  
  22  3:12  Orbital Command  
  22  3:14  Supply Depot  
  22  3:16  Refinery  
  22  3:18  SCV  
  23  3:30  SCV  
  24  3:35  Hellion x2  
  24  3:41  SCV  
  29  3:42  SCV  
  30  3:50  Factory  
  30  3:52  Factory Tech Lab  
  30  3:56  Hellion  
  30  3:57  Hellion  
  30  4:00  SCV  
  35  4:03  SCV  
  36  4:13  SCV  
  36  4:14  Supply Depot  
  36  4:15  SCV  
  38  4:18  Hellion x2, Cyclone  
  45  4:25  SCV  
  45  4:27  SCV  
  47  4:34  Supply Depot  
  47  4:37  Factory Tech Lab  
  47  4:40  Armory  
  47  4:45  Hellion  
  49  4:48  Hellion  
  49  4:50  Cyclone  
  54  4:56  Refinery  
  54  5:05  SCV x2  
  56  5:09  Cyclone  
  56  5:11  Hellion  
  61  5:22  SCV x2  
  61  5:24  Cyclone  
  51  6:01  Engineering Bay  
  19  8:51  Orbital Command  
Show
View Real Time Build Order
Export as new Build Order

BaKed Protoss - Winner!

Build Orders:  

Get SALT Encoding   

  12  0:03  Probe  
  13  0:15  Probe  
  13  0:19  Pylon  
  14  0:27  Probe  
  15  0:36  Assimilator  
  15  0:39  Probe  
  16  0:47  Gateway  
  16  0:51  Probe  
  17  1:03  Probe  
  18  1:04  Assimilator  
  18  1:15  Pylon  
  18  1:16  Probe  
  19  1:28  Probe  
  19  1:30  Assimilator  
  20  2:14  Probe  
  21  2:19  Cybernetics Core  
  21  2:23  Gateway  
  21  2:26  Probe  
  21  2:29  Pylon  
  22  2:33  Gateway  
  22  2:38  Probe  
  23  2:44  Pylon  
  23  2:48  Warp Gate  
  23  2:56  Stalker  
  25  3:07  Robotics Facility  
  25  3:17  Twilight Council  
  25  3:28  Gateway  
  25  3:36  Charge  
  25  4:00  Observer  
  26  4:07  Dark Shrine  
  26  4:21  Warp Prism  
  28  4:40  Zealot  
  28  4:41  Zealot  
  28  4:43  Zealot  
  34  4:46  Zealot  
  36  5:23  Dark Templar x2  
  36  5:24  Dark Templar  
  36  5:25  Dark Templar  
  30  6:04  Nexus  
  20  7:14  Stalker  
  22  7:43  Probe  
  23  8:03  Probe  
  23  8:11  Probe  
  25  8:34  Pylon  
  25  8:50  Probe  
  26  8:58  Probe  
  27  9:07  Probe  
  24  9:20  Probe  
Tags
 
Add a new tag
Caveats
  • Supply blocks, unpowered buildings, or Contaminate may cause inaccurate times.
  • Supply counts are checked every 10 seconds.